 Dungeon Crawl Stone Soup version 0.30-b1-2-g02819fbbbe (webtiles) character file.

Game seed: 12678999574003552184

662 Kranky the Slasher (level 7, -4/53 HPs)
             Began as a Gnoll Wanderer on May 3, 2023.
             Was a Follower of Okawaru.
             Slain by an ice beast (10 damage)
             ... on level 5 of the Dungeon.
             The game lasted 00:09:34 (4364 turns).

Kranky the Slasher (Gnoll Wanderer)                 Turns: 4364, Time: 00:09:35

Health: -4/53      AC: 12    Str: 14    XL:     7   Next: 56%
Magic:  15/15      EV:  4    Int: 11    God:    Okawaru [*.....]
Gold:   221        SH:  4    Dex: 11    Spells: 16/17 levels left

rFire   . . .        a - +2 falchion
rCold   . . .        o - +0 buckler
rNeg    . . .        p - +0 plate armour
rPois   .            (no helmet)
rElec   .            (no cloak)
rCorr   .            (no gloves)
SInv    .            e - +0 pair of boots
Will    +....        (no amulet)
Stlth   x              - ring of willpower
HPRegen 0.28/turn    y - ring of flight
MPRegen 0.14/turn

%: no passive effects
@: flying, slowed, very slow
A: fangs 1, strong nose, distributed training
a: Renounce Religion, Heroism


You were on level 5 of the Dungeon.
You worshipped Okawaru.
Okawaru was aware of your devotion.
You visited 1 branch of the dungeon, and saw 6 of its levels.

You collected 221 gold pieces.

Inventory:

Hand Weapons
 a - a +2 falchion (weapon)
 r - a +1 dagger of venom
 s - a +0 sling of flaming
 v - a +2 dagger of pain
Missiles
 b - 7 boomerangs (quivered)
 f - 13 poisoned darts
Armour
 e - a +0 pair of boots (worn)
 o - a +0 buckler (worn)
 p - a +0 plate armour (worn)
Jewellery
 x - a ring of willpower (left hand)
 y - a ring of flight (right hand)
 C - a ring of ice
Wands
 c - a wand of roots (2)
Scrolls
 j - 2 scrolls of immolation {unknown}
 k - a scroll of torment {unknown}
 l - 6 scrolls of identify {unknown}
 m - a scroll of teleportation {unknown}
 q - a scroll of noise {unknown}
 w - a scroll of fear {unknown}
 z - a scroll of vulnerability {unknown}
 A - a scroll of poison {unknown}
 B - 2 scrolls of enchant weapon {unknown}
Potions
 d - 5 potions of curing
 g - a potion of invisibility {unknown}
 h - a potion of ambrosia {unknown}
 i - 2 potions of haste {unknown}
 n - a potion of attraction {unknown}
 t - 4 potions of lignification {unknown}
 u - 2 potions of cancellation {unknown}


   Skills:
 + Level 3.7 Fighting
 + Level 2.6 Short Blades
 + Level 7.1 Long Blades
 + Level 2.6 Axes
 + Level 2.6 Maces & Flails
 + Level 2.6 Polearms
 + Level 2.6 Staves
 + Level 2.6 Ranged Weapons
 + Level 3.7 Throwing
 + Level 3.7 Armour
 + Level 3.7 Dodging
 + Level 2.6 Stealth
 + Level 2.6 Shields
 + Level 2.6 Unarmed Combat
 + Level 5.7 Spellcasting
 + Level 2.1 Conjurations
 + Level 2.1 Hexes
 + Level 2.1 Summonings
 + Level 2.1 Necromancy
 + Level 2.1 Translocations
 + Level 2.1 Transmutations
 + Level 2.1 Fire Magic
 + Level 2.1 Ice Magic
 + Level 2.1 Air Magic
 + Level 2.1 Earth Magic
 + Level 2.1 Poison Magic
 + Level 3.0 Invocations
 + Level 3.7 Evocations


You had 16 spell levels left.
You knew the following spells:

 Your Spells              Type           Power      Damage    Failure   Level
a - Sting                 Tmut/Pois      28%        1d4       100%        1

Your spell library contained the following spells:

 Spells                   Type           Power      Damage    Failure   Level
 Ensorcelled Hibernation  Hex/Ice        14%        N/A       100%        2
 Poisonous Vapours        Pois/Air       14%        N/A       100%        2
 Frozen Ramparts          Ice            14%        1d3       100%        3
 Hailstorm                Conj/Ice       7%         3d4       100%        3
 Spider Form              Tmut/Pois      7%         N/A       100%        3
 Ice Form                 Ice/Tmut       7%         N/A       100%        4
 Passage of Golubria      Tloc           7%         N/A       100%        4
 Yara's Violent Unravell  Hex/Tmut       3%         3d4       100%        5
 Eringya's Noxious Bog    Tmut/Pois      3%         N/A       100%        6
 Tukima's Dance           Hex            Unusable   N/A       N/A         3
 Summon Ice Beast         Ice/Summ       Unusable   N/A       N/A         4

Dungeon Overview and Level Annotations

Branches:
Dungeon (6/15)
 Temple: D:4-7

Altars:
Cheibriados
Hepliaklqana
Kikubaaqudgha
Nemelex Xobeh
Okawaru
Xom
Yredelemnul
The Shining One


Innate Abilities, Weirdness & Mutations

You have very sharp teeth.
Your uncanny sense of smell can sniff out nearby items.
Your experience applies equally to all skills.


Message History

You feel very sick.
The ice beast hits you but does no damage.
You are too injured to fight recklessly!
You are too injured to fight recklessly!
You are too injured to fight recklessly!
You are too injured to fight recklessly!
You are too injured to fight recklessly!
You are too injured to fight recklessly!
You barely miss the ice beast. Your bite misses the ice beast.
The ice beast is lightly wounded.
You feel sick.
The ice beast hits you but does no damage. x2
You closely miss the ice beast.
The ice beast is lightly wounded.
You feel sick. The ice beast barely misses you.
The ice beast hits you but does no damage.
You hit the ice beast but do no damage.
The ice beast is lightly wounded.
You feel sick. The ice beast barely misses you.
You barely miss the ice beast.
You bite the ice beast, but do no damage.
The ice beast is lightly wounded.
You feel sick. The ice beast barely misses you.
You hit the ice beast but do no damage.
The ice beast is lightly wounded.
You feel sick.
You are no longer poisoned.
The ice beast hits you. The ice beast freezes you!
* * * LOW HITPOINT WARNING * * *
The ice beast hits you but does no damage.
The ice beast hits you but does no damage. x2
The ice beast completely misses you. The ice beast attacks as you move away!
The ice beast hits you but does no damage.
The ice beast attacks as you move away!
The ice beast hits you but does no damage.
The ice beast hits you.
* * * LOW HITPOINT WARNING * * *
The ice beast freezes you!
You die...

#..............#.............#
##....###.....##.............#
##....###.....##.............#
......#.......##.....##......#
##....#.......##.....###'########
##....#..............##...####...
##....##......##.................
##....##..[...##...........)....)
.......#......#.@....≈≈≈≈≈≈≈≈≈...
##÷....#......#.Y....≈.......≈...
##.....#......##.....≈.###.#.≈.#.
##....##......##.....≈.#...#.≈.#<
##....##......##.....≈.#._.#.≈...
...............#.....≈.#...#.≈...
...............#.>...≈.#.###.≈...
...............#.$...≈.[.....≈...
##....##....>..#.....≈≈≈≈≈.≈≈≈...


You could see an ice beast.

Vanquished Creatures
  2 ice beasts (D:5)
  An ogre (D:5)
  A phantom (D:5)
  A hound (D:4)
  Terence (D:2)
  2 iguanas (D:5)
  An orc wizard (D:6)
  9 adders
  2 shadow imps
  A white imp (D:6)
  An ufetubus (D:4)
  A worm (D:2)
  2 dart slugs (D:2)
  13 ball pythons
  5 bats
  6 endoplasms
  5 giant cockroaches
  5 goblins
  8 hobgoblins
  4 jackals (D:5)
  3 quokkas (D:1)
  3 frilled lizards
  6 kobolds
  A rat (D:3)
84 creatures vanquished.

Notes
Turn   | Place    | Note
-------+----------+-------------------------------------------
     0 | D:1      | Kranky the Gnoll Wanderer began the quest for the Orb.
     0 | D:1      | Kranky set off with the following items: a +2 falchion, 7
                  | boomerangs, a +0 dagger, a potion of curing, a +0 leather
                  | armour; and the following spell memorised: Sting; and the
                  | following spells available to memorise: Spider Form.
     0 | D:1      | Reached XP level 1. HP: 17/17 MP: 6/6
    76 | D:1      | Reached XP level 2. HP: 23/23 MP: 7/7
   506 | D:1      | Reached skill level 5 in Spellcasting
   506 | D:1      | Reached XP level 3. HP: 28/28 MP: 7/9
   925 | D:2      | Reached skill level 1 in Invocations
  1201 | D:2      | Noticed Terence
  1212 | D:2      | Killed Terence
  1213 | D:2      | Reached skill level 1 in Short Blades
  1213 | D:2      | Reached skill level 1 in Axes
  1213 | D:2      | Reached skill level 1 in Maces & Flails
  1213 | D:2      | Reached skill level 1 in Polearms
  1213 | D:2      | Reached skill level 1 in Staves
  1213 | D:2      | Reached skill level 1 in Ranged Weapons
  1213 | D:2      | Reached skill level 1 in Stealth
  1213 | D:2      | Reached skill level 1 in Shields
  1213 | D:2      | Reached skill level 1 in Unarmed Combat
  1213 | D:2      | Reached XP level 4. HP: 25/34 MP: 11/11
  1319 | D:2      | Reached skill level 1 in Conjurations
  1319 | D:2      | Reached skill level 1 in Hexes
  1319 | D:2      | Reached skill level 1 in Summonings
  1319 | D:2      | Reached skill level 1 in Necromancy
  1319 | D:2      | Reached skill level 1 in Translocations
  1319 | D:2      | Reached skill level 1 in Transmutations
  1319 | D:2      | Reached skill level 1 in Fire Magic
  1319 | D:2      | Reached skill level 1 in Ice Magic
  1319 | D:2      | Reached skill level 1 in Air Magic
  1319 | D:2      | Reached skill level 1 in Earth Magic
  1319 | D:2      | Reached skill level 1 in Poison Magic
  1541 | D:3      | Found a basalt altar of Yredelemnul.
  1541 | D:3      | Found a snail-covered altar of Cheibriados.
  1650 | D:3      | Found an iron altar of Okawaru.
  1667 | D:3      | Found an ancient bone altar of Kikubaaqudgha.
  1694 | D:3      | Became a worshipper of Warmaster Okawaru
  1982 | D:3      | Found a hazy altar of Hepliaklqana.
  1983 | D:3      | Found a shimmering altar of Xom.
  1984 | D:3      | Noticed a spectral ugly thing
  2162 | D:3      | Reached XP level 5. HP: 38/40 MP: 12/12
  2676 | D:4      | Got the Monograph on Noxious Chilblains
  2905 | D:4      | Found a sparkling altar of Nemelex Xobeh.
  3126 | D:5      | Entered Level 5 of the Dungeon
  3203 | D:5      | Found a glowing golden altar of the Shining One.
  3259 | D:5      | Reached XP level 6. HP: 23/47 MP: 14/14
  3537 | D:5      | Noticed an ice beast
  3847 | D:5      | Killed an ice beast
  3847 | D:5      | Reached * piety under Okawaru
  3848 | D:5      | Reached skill level 7 in Long Blades
  3848 | D:5      | Reached XP level 7. HP: 38/52 MP: 15/15
  4364 | D:5      | Slain by an ice beast

Illustrated notes

Levels and vault maps discovered:
D:1:      shiori_shiawase, layout_loops_ring, amethyst_killhole
D:2:      layout_basic, uniq_terence
D:3:      layout_loops_corners, mainiacjoe_overflow_catwalk,
          amcnicky_altar_gilded, chequers_temple_overflow_statue_of_worship,
          regret_index_temple_of_mockery, kennysheep_nondescript,
          hangedman_decor_lopped
D:4:      layout_basic, mainiacjoe_overflow_boulevard, nrook_mini_backslash
D:5:      layout_gridville, mainiacjoe_overflow_brackets
D:6:      layout_rooms, nicolae_wu_jian_wuxing_cycle, minmay_temple_entry_wispy

Skill      XL: |  1  2  3  4  5  6  7 |
---------------+----------------------+-----
Spellcasting   | 5 |  5.7
Invocations    | 1 2 3 |  3.0
Short Blades   | 1 2 |  2.6
Axes           | 1 2 |  2.6
Maces & Flails | 1 2 |  2.6
Polearms       | 1 2 |  2.6
Staves         | 1 2 |  2.6
Ranged Weapons | 1 2 |  2.6
Stealth        | 1 2 |  2.6
Shields        | 1 2 |  2.6
Unarmed Combat | 1 2 |  2.6
Conjurations   | 1 2 |  2.1
Hexes          | 1 2 |  2.1
Summonings     | 1 2 |  2.1
Necromancy     | 1 2 |  2.1
Translocations | 1 2 |  2.1
Transmutations | 1 2 |  2.1
Fire Magic     | 1 2 |  2.1
Ice Magic      | 1 2 |  2.1
Air Magic      | 1 2 |  2.1
Earth Magic    | 1 2 |  2.1
Poison Magic   | 1 2 |  2.1
Fighting       | 3 |  3.7
Throwing       | 3 |  3.7
Armour         | 3 |  3.7
Dodging        | 3 |  3.7
Evocations     | 3 |  3.7
Long Blades    | 7 |  7.1

Action                     |  1- 3 |  4- 6 |  7- 9 || total
---------------------------+-------+-------+-------++-------
  Melee: Falchion          |    78 |       |    43 ||   121
         Bite              |     6 |    12 |     6 ||    24
         Dagger            |     5 |   214 |    44 ||   263
   Fire: Sling             |       |     4 |       ||     4
 Armour: Leather armour    |    11 |       |       ||    11
         Plate armour      |    17 |   137 |    53 ||   207
  Dodge: Dodged            |    36 |    38 |    19 ||    93
  Block: Buckler           |     4 |    32 |    10 ||    46
